 Dungeon Crawl Stone Soup version 0.28.0-53-g5a82cb258f (webtiles) character file.

Game seed: 4914139838957295507

2326 gobodom the Stinger (level 9, -3/61 HPs)
             Began as a Demonspawn Venom Mage on June 7, 2022.
             Slain by a hobgoblin
             ... wielding a +0 trident
              (5 damage)
             ... on level 6 of the Dungeon on June 8, 2022.
             The game lasted 00:55:01 (7002 turns).

gobodom the Stinger (Demonspawn Venom Mage)         Turns: 7002, Time: 00:55:02

Health: -3/61      AC:  7    Str: 11    XL:     9   Next: 19%
Magic:  4/17       EV: 12    Int: 19    God:
Gold:   181        SH:  0    Dex: 13    Spells: 12/19 levels left

rFire   . . .      SeeInvis .   v - +9 hand axe of Infinity {freeze, rPois}
rCold   . . .      Faith    .   (no shield)
rNeg    . . .      Spirit   .   a - +0 robe
rPois   +          Reflect  .   (no helmet)
rElec   .          Harm     .   b - +0 cloak
rCorr   .          Rampage  .   (no gloves)
Will    +....                   (no boots)
Stlth   ++........              (no amulet)
HPRegen 0.20/turn               d - ring of willpower
MPRegen 0.15/turn               f - +4 ring of protection

@: no status effects
A: claws 2, foul stench 2, spiny 2, screaming 1
a: no special abilities


You were on level 6 of the Dungeon.
You visited 2 branches of the dungeon, and saw 7 of its levels.

You collected 181 gold pieces.

Inventory:

Hand Weapons
 g - a +2 dagger of draining
 k - a +2 dagger of speed
 r - the +7 mace of Gulurphenk {pain, Fly}
   (You found it on level 4 of the Dungeon)

   In the hands of one skilled in necromantic magic, it inflicts extra damage on
   living creatures.
   Fly:       It grants you flight.
 s - a +1 dagger of pain
 v - the +9 hand axe of Infinity (weapon) {freeze, rPois}
   (You found it on level 4 of the Dungeon)

   It freezes those it strikes, dealing additional cold damage.
   It can also slow down cold-blooded creatures.
   rPois:     It protects you from poison.
 y - a +2 dagger of venom
 A - a +0 club
 E - a +2 vorpal hand crossbow
 I - a +2 trident of venom
Missiles
 i - 7 poisoned darts (quivered)
 F - 44 bolts
Armour
 a - a +0 robe (worn)
 b - a +0 cloak (worn)
 l - a +2 ring mail of poison resistance
 t - a +1 ring mail of willpower
 x - a +2 leather armour of fire resistance
 C - a +1 pair of gloves
 G - a +1 helmet
Magical Staves
 m - a staff of conjuration
Jewellery
 d - a ring of willpower (left claw)
 e - a ring of fire
 f - a +4 ring of protection (right claw)
 h - an amulet of guardian spirit
 u - a ring of protection from fire
Wands
 o - a wand of flame (34)
 z - a wand of charming (17)
Scrolls
 D - a scroll of fear {unknown}
 H - a scroll of teleportation
 J - a scroll of blinking {unknown}
Potions
 c - a potion of attraction
 j - a potion of flight
 n - 2 potions of haste {unknown}
 p - 2 potions of lignification {unknown}
 q - a potion of degeneration {unknown}
 w - a potion of ambrosia {unknown}
 B - a potion of berserk rage
 K - 2 potions of magic {unknown}


   Skills:
 + Level 1.9 Fighting
 + Level 0.8 Short Blades
 + Level 2.3(2.7) Axes
 + Level 1.9(2.4) Maces & Flails
 + Level 0.2 Throwing
 + Level 2.5 Armour
 + Level 3.0 Dodging
 + Level 3.6 Stealth
 + Level 0.4 Unarmed Combat
 + Level 5.5 Spellcasting
 + Level 2.1 Necromancy
 + Level 3.2 Transmutations
 + Level 2.7 Air Magic
 + Level 6.9 Poison Magic


You had 12 spell levels left.
You knew the following spells:

 Your Spells              Type           Power      Damage    Failure   Level
a - Sting                 Tmut/Pois      96%        1d7       1%          1
b - Poisonous Vapours     Pois/Air       46%        N/A       2%          2
c - Olgreb's Toxic Radia  Pois           31%        N/A       7%          4

Your spell library contained the following spells:

 Spells                   Type           Power      Damage    Failure   Level
 Sublimation of Blood     Necr           13%        N/A       8%          2
 Passwall                 Tmut/Erth      9%         N/A       9%          2
 Mephitic Cloud           Conj/Pois/Air  17%        N/A       10%         3
 Magic Dart               Conj           20%        1d4       12%         1
 Swiftness                Air            15%        N/A       12%         3
 Ensorcelled Hibernation  Hex/Ice        10%        N/A       19%         2
 Searing Ray              Conj           10%        2d4       19%         2
 Petrify                  Tmut/Erth      11%        N/A       52%         4
 Summon Lightning Spire   Summ/Air       10%        N/A       54%         4
 Fulminant Prism          Conj/Hex       2%         3d6       75%         4
 Irradiate                Conj/Tmut      5%         3d15      86%         5
 Storm Form               Tmut/Air       8%         N/A       100%        7
 Maxwell's Capacitive Co  Air            7%         ∞         100%        8


Dungeon Overview and Level Annotations

Branches:
Dungeon (6/15)             Temple (1/1) D:6

Altars:
Ashenzari
Cheibriados
Dithmenos
Elyvilon
Gozag
Hepliaklqana
Makhleb
Nemelex Xobeh
Okawaru
Qazlal
Ru
Sif Muna
Trog
Uskayaw
Vehumet
Xom
Yredelemnul
Zin
The Shining One

Shops:
D:1 (*   D:6 =


Innate Abilities, Weirdness & Mutations

You have very sharp fingernails.
You sometimes emit foul miasma when damaged in melee.
You are mostly covered in sharp spines.
You occasionally shout uncontrollably at your foes.


Message History

You kill the centaur!
A hobgoblin comes into view. It is wielding a +0 trident.
Casting: Olgreb's Toxic Radiance (dangerous; 7% risk of failure)
Confirm with . or Enter, or press ? or * to list all spells.
You don't have enough magic to cast this spell.
You slash something! You freeze something.
Something hits you but does no damage.
You barely miss something.
Reactivating autopickup.
You feel a bit more experienced. Something hits you but does no damage.
Deactivating autopickup; reactivate with Ctrl-A.
The hobgoblin closely misses you.
Casting: Olgreb's Toxic Radiance (dangerous; 7% risk of failure)
Confirm with . or Enter, or press ? or * to list all spells.
You don't have enough magic to cast this spell.
You hit the hobgoblin. You freeze the hobgoblin. You claw the hobgoblin.
You kill the hobgoblin!
You closely miss something. Something completely misses you.
The hobgoblin hits you from afar with a +0 trident.
* * * LOW HITPOINT WARNING * * *
The kobold brigand throws a poisoned dart.
You completely miss something.
Reactivating autopickup.
You feel a bit more experienced. The hobgoblin closely misses you.
You barely miss the kobold brigand.
The kobold brigand is severely wounded.
The hobgoblin barely misses you.
The kobold brigand is struck by your spines.
The kobold brigand hits you with a +1 vampiric dagger!
* * * LOW HITPOINT WARNING * * *
The kobold brigand draws strength from your wounds!
You slash the kobold brigand! You freeze the kobold brigand.
The kobold brigand is almost dead.
The hobgoblin hits you but does no damage.
The kobold brigand is struck by your spines.
The kobold brigand barely misses you.
You slash the kobold brigand! You freeze the kobold brigand.
You kill the kobold brigand!
The hobgoblin hits you from afar with a +0 trident.
You die...

#..#....#♣P♣..#
#..#(...#♣♣PP.#
#..#....#♣P♣...#
#..#..$.#PPPP..#
#.()...$#...
#..'.)!.#?..
#..#g...#♣P
#..#))..#
#..#@...#
#''######


#cKo #.g† #..). You could see a hobgoblin.

Vanquished Creatures
  Duvessa (D:5)
  A water moccasin (D:4)
  2 orc warriors
  A sky beast (D:6)
  3 ogres
  3 centaurs
  2 kobold brigands (D:6)
  Blork the orc (D:5)
  2 gnoll sergeants (D:6)
  A wyvern skeleton (D:5)
  Dowan (D:5)
  A water moccasin skeleton (D:6)
  A howler monkey (D:5)
  A centaur zombie (D:5)
  A jelly (D:5)
  6 orc priests
  2 hounds
  3 centaur skeletons
  An iguana (D:6)
  Ijyb (D:5)
  Natasha (thrice) (D:3)
  6 orc wizards
  4 gnolls
  A howler monkey skeleton (D:6)
  8 adders
  A shadow imp (D:6)
  2 adder skeletons
  A worm (D:2)
  3 dart slugs
  17 orcs
  4 endoplasms
  4 giant cockroaches
  10 goblins
  13 hobgoblins
  3 jackals (D:1)
  18 kobolds
  6 quokkas
  4 ball pythons
  6 bats
  4 frilled lizards
  5 rats
158 creatures vanquished.

Vanquished Creatures (others)
  5 plants (D:6)
5 creatures vanquished.

Grand Total: 163 creatures vanquished

Notes
Turn   | Place    | Note
-------+----------+-------------------------------------------
     0 | D:1      | gobodom the Demonspawn Venom Mage began the quest for the
                  | Orb.
     0 | D:1      | Reached XP level 1. HP: 13/13 MP: 3/3
   639 | D:1      | Reached skill level 1 in Transmutations
   639 | D:1      | Gained mutation: You are partially covered in sharp spines.
                  | [demonic ancestry]
   639 | D:1      | Reached XP level 2. HP: 18/19 MP: 1/5
   679 | D:1      | Found Ubeodoc's General Store.
   767 | D:1      | Found Dugev's Antique Weapon Shop.
  1040 | D:2      | Found a faded altar of an unknown god.
  1245 | D:2      | Gained mutation: You have sharp fingernails. [demonic
                  | ancestry]
  1245 | D:2      | Reached XP level 3. HP: 23/24 MP: 4/6
  1683 | D:2      | Gained mutation: You are mostly covered in sharp spines.
                  | [demonic ancestry]
  1683 | D:2      | Reached XP level 4. HP: 28/30 MP: 5/7
  2440 | D:3      | Noticed Natasha
  2457 | D:3      | Killed Natasha
  2635 | D:3      | Reached XP level 5. HP: 2/35 MP: 5/9
  2832 | D:3      | Noticed Natasha
  2842 | D:3      | Killed Natasha
  2843 | D:3      | Reached skill level 4 in Poison Magic
  3156 | D:3      | Noticed Natasha
  3190 | D:3      | Killed Natasha
  3443 | D:4      | Learned a level 2 spell: Poisonous Vapours
  3483 | D:4      | Gained mutation: You may rarely emit foul miasma when
                  | damaged in melee. [demonic ancestry]
  3483 | D:4      | Reached XP level 6. HP: 39/41 MP: 10/10
  3496 | D:4      | Found a snail-covered altar of Cheibriados.
  3579 | D:4      | Identified the +7 mace of Gulurphenk {pain, Fly}
  3965 | D:4      | Noticed a water moccasin
  3970 | D:4      | Killed a water moccasin
  4266 | D:4      | Identified the +9 hand axe of Infinity {freeze, rPois}
  4336 | D:4      | Reached skill level 1 in Necromancy
  4482 | D:5      | Entered Level 5 of the Dungeon
  4492 | D:5      | Reached XP level 7. HP: 47/47 MP: 2/12
  4534 | D:5      | Reached skill level 1 in Maces & Flails
  4534 | D:5      | Reached skill level 1 in Air Magic
  4587 | D:5      | Noticed Duvessa
  4596 | D:5      | Reached skill level 1 in Armour
  4596 | D:5      | Killed Duvessa
  4598 | D:5      | Noticed Dowan
  4607 | D:5      | Killed Dowan
  4836 | D:5      | Noticed Ijyb
  4845 | D:5      | Killed Ijyb
  4846 | D:5      | Reached skill level 1 in Fighting
  4846 | D:5      | Reached skill level 5 in Poison Magic
  4863 | D:5      | Gained mutation: You sometimes lose the ability to read
                  | scrolls when taking damage. [potion of mutation]
  4863 | D:5      | Gained mutation: Your flesh is heat resistant. (rF+)
                  | [potion of mutation]
  4864 | D:5      | Lost mutation: Your flesh is heat resistant. (rF+) [potion
                  | of mutation]
  4864 | D:5      | Lost mutation: You sometimes lose the ability to read
                  | scrolls when taking damage. [potion of mutation]
  4864 | D:5      | Gained mutation: You occasionally shout uncontrollably at
                  | your foes. [potion of mutation]
  4874 | D:5      | Gained mutation: You have very sharp fingernails. [demonic
                  | ancestry]
  4874 | D:5      | Reached XP level 8. HP: 46/54 MP: 6/14
  4937 | D:5      | Reached skill level 1 in Axes
  4948 | D:5      | Noticed Blork the orc
  4958 | D:5      | Killed Blork the orc
  5621 | D:6      | Found Ciuneuruymn's Jewellery Shop.
  5756 | D:5      | Learned a level 4 spell: Olgreb's Toxic Radiance
  6139 | D:6      | Reached skill level 5 in Spellcasting
  6147 | D:6      | Reached skill level 6 in Poison Magic
  6372 | D:6      | Found a staircase to the Ecumenical Temple.
  6379 | Temple   | Entered the Ecumenical Temple
  6917 | D:6      | Gained mutation: You sometimes emit foul miasma when
                  | damaged in melee. [demonic ancestry]
  6917 | D:6      | Reached XP level 9. HP: 50/61 MP: 6/16
  7000 | D:6      | HP: 2/61 [kobold brigand/+1 vampiric dagger (8)]
  7002 | D:6      | Slain by a hobgoblin

Illustrated notes

Levels and vault maps discovered:
D:1:      minmay_arrival_checkered_box, layout_rooms, serial_shops,
          nicolae_square_shop, shop, minmay_misc_feat_columns
D:2:      minmay_evil_eye, layout_loops_ring,
          hellmonk_ecumenical_altar_crossroads, minmay_pentomino_w2
D:3:      layout_rooms, nicolae_concentric_dashed_squares_wild, uniq_natasha
D:4:      layout_basic, mainiacjoe_overflow_six_doors_small
D:5:      layout_gridville, chequers_serial_rivers_room_a,
          minmay_misc_feat_more_columns, uniq_blork_the_orc, uniq_duvessa,
          uniq_ijyb
D:6:      kennysheep_housing_project, layout_rooms,
          minmay_temple_entry_junction, serial_shops, nicolae_stop_n_shop_2,
          chequers_serial_rivers_large_a, uniq_menkaure
Temple:   compressed_dpeg_circular_temple

Skill      XL: |  1  2  3  4  5  6  7  8  9 |
---------------+----------------------------+-----
Stealth        | 2 3 |  3.6
Transmutations | 1 2 3 |  3.2
Dodging        | 2 3 |  3.0
Spellcasting   | 3 4 5 |  5.5
Poison Magic   | 4 5 6 |  6.9
Necromancy     | 1 2 |  2.1
Maces & Flails | 1 |  1.9
Air Magic      | 1 2 |  2.7
Armour         | 1 2 |  2.5
Fighting       | 1 |  1.9
Axes           | 2 |  2.3
Short Blades   | |  0.8
Throwing       | |  0.2
Unarmed Combat | |  0.4

Action                   |  1- 3 |  4- 6 |  7- 9 || total
-------------------------+-------+-------+-------++-------
Melee: Unarmed           |    45 |       |       ||    45
       Punch             |     1 |     1 |     1 ||     3
       Dagger            |    33 |    46 |       ||    79
       Mace              |       |    28 |     8 ||    36
       Hand axe          |       |       |    80 ||    80
Throw: Dart              |       |     1 |     7 ||     8
 Cast: Sting             |    33 |    27 |       ||    60
       Poisonous Vapours |       |    14 |    41 ||    55
       Olgreb's Toxic Ra |       |       |    15 ||    15
  Use: Scroll            |       |     5 |     2 ||     7
       Potion            |       |       |     5 ||     5
 Stab: Sleeping          |       |     1 |       ||     1
Armor: Robe              |    12 |     7 |    12 ||    31
       Ring mail         |       |    27 |    38 ||    65
Dodge: Dodged            |    36 |    36 |    57 ||   129
